 Dungeon Crawl Stone Soup version 0.20-a0-201-g851c6fa (webtiles) character file.

834 KristoblXynda the Slasher (level 7, -6/62 HPs)
             Began as a Red Draconian Berserker on Nov 24, 2016.
             Was a Priest of Trog.
             Killed from afar by KristoblXynda's ghost (24 damage)
             ... with a bolt of negative energy
             ... on level 5 of the Dungeon.
             The game lasted 00:08:13 (4939 turns).

KristoblXynda the Slasher (Red Draconian Berserker) Turns: 4939, Time: 00:08:14

Health: -6/62      AC:  7    Str: 20    XL:     7   Next: 66%
Magic:  7/7        EV: 13    Int:  9    God:    Trog [***...]
Gold:   96         SH:  0    Dex: 10    Spells: 6/6 levels left

rFire  + + +     SeeInvis +     q - +2 mace of Infinite Pain {elec, rF+} (curse)
rCold  . . .     Gourm    .     (armour unavailable)
rNeg   . . .     Faith    .     (no shield)
rPois  .         Spirit   .     (helmet restricted)
rElec  .         Reflect  .     h - +0 cloak
rCorr  .         Harm     .     (no gloves)
MR     ++...     Clarity  +     (no boots)
Stlth  ++........               (no amulet)
                                (no ring)
                                p - ring of see invisible

@: exhausted, short of breath, regenerating, slowed, drained, very slow
A: breathe fire, unfitting armour, horns 1, clarity, fire resistance 2, robust
1, cold-blooded, MP-powered wands, AC +6
a: Breathe Fire, Berserk, Trog's Hand, Burn Spellbooks, Renounce Religion


You were on level 5 of the Dungeon.
You worshipped Trog.
Trog was most pleased with you.
You were hungry.

You visited 2 branches of the dungeon, and saw 6 of its levels.

You collected 96 gold pieces.

Inventory:

Hand Weapons
 a - a +1 falchion
 q - the cursed +2 mace of Infinite Pain (weapon) {elec, rF+}
   (You found it on level 4 of the Dungeon)

   Occasionally, upon striking a foe, it will discharge some electrical energy
   and cause terrible harm.
   It protects you from fire.
   It has a curse placed upon it.
Missiles
 r - 3 javelins (quivered)
Armour
 h - a +0 cloak (worn)
Jewellery
 p - a ring of see invisible (left hand)
Scrolls
 e - 3 scrolls of teleportation
 i - a scroll of fear
 j - a scroll of magic mapping
 o - 3 scrolls of identify
Potions
 c - a potion of cancellation
 f - a potion of cure mutation
 g - 2 potions of curing
 k - a potion of magic
 l - a potion of mutation
 n - 3 potions of brilliance
 s - a potion of invisibility
Comestibles
 b - a bread ration
 t - a meat ration


   Skills:
 - Level 3.2(2.2) Fighting
 + Level 5.8(4.7) Long Blades
 + Level 5.4(4.3) Dodging
 + Level 4.5(3.4) Stealth


You had 6 spell levels left.
You didn't know any spells.

Dungeon Overview and Level Annotations

Branches:
Dungeon (5/15)             Temple (1/1) D:4

Altars:
Ashenzari
Cheibriados
Dithmenos
Elyvilon
Fedhas
Gozag
Hepliaklqana
Kikubaaqudgha
Makhleb
Nemelex Xobeh
Okawaru
Qazlal
Ru
Sif Muna
Trog
Uskayaw
Vehumet
Xom
Yredelemnul
Zin
The Shining One

Shops:
D:4 *

Annotations:
D:5 KristoblXynda's ghost, novice DrBe


Innate Abilities, Weirdness & Mutations

You can breathe blasts of fire.
Your fiery red scales are hard. (AC +6)
You cannot fit into any form of body armour.
Your flesh is very heat resistant. (rF++)
You are cold-blooded and may be slowed by cold attacks.
You have a pair of small horns on your head.
You possess an exceptional clarity of mind.
You are robust. (+10% HP)
You expend magic power (3 MP) to strengthen your wands.


Message History

KristoblXynda's ghost hits you!
* * * LOW HITPOINT WARNING * * *
x2
Okay, then.
Okay, then.
Your skin crawls.
You feel resistant to hostile enchantments.
You feel somewhat more hungry.
KristoblXynda's ghost closely misses you.
KristoblXynda's ghost hits you.
* * * LOW HITPOINT WARNING * * *
x2 KristoblXynda's ghost breathes negative energy at you.
The bolt of negative energy hits you!
You feel drained.
* * * LOW HITPOINT WARNING * * *
KristoblXynda's ghost yells, "Who would have thought, even in death it is a pleasure to sever!"
KristoblXynda's ghost closely misses you.
Found a potion of curing.
KristoblXynda's ghost barely misses you.
KristoblXynda's ghost breathes negative energy at you.
The bolt of negative energy hits you!
You feel drained.
You die...

##....#...#.......
#.................
...#.##....##[####
##.#.##.?..####
...........#
..........# ....
......##.># ....
.......!W.# ....
........@.# ....
..........# .. .
......##..# #.!.
..... ...# ....
#### ..## ....
.... .... ...#
.... ..... ....


You could see KristoblXynda's ghost.

Vanquished Creatures
  2 water moccasins (D:4)
  3 ogres (D:4)
  2 orc priests (D:3)
  An orc wizard (D:4)
  An iguana (D:4)
  A hound skeleton (D:4)
  Robin (D:3)
  12 adders
  An ooze (D:4)
  An adder zombie (D:5)
  4 worms
  A dart slug (D:1)
  7 leopard geckos
  11 orcs
  2 ball pythons
  2 bats
  2 giant cockroaches
  18 goblins
  8 hobgoblins
  8 jackals (D:4)
  6 kobolds
  2 quokkas
  8 frilled lizards
  4 rats
108 creatures vanquished.

Notes
Turn   | Place    | Note
-------+----------+-------------------------------------------
     0 | D:1      | KristoblXynda the Draconian Berserker began the quest for the Orb.
     0 | D:1      | Reached XP level 1. HP: 19/19 MP: 1/1
   112 | D:1      | Reached XP level 2. HP: 13/26 MP: 2/2
   824 | D:1      | Reached skill level 1 in Stealth
  1130 | D:2      | Reached XP level 3. HP: 28/31 MP: 3/3
  1254 | D:2      | Found a bloodstained altar of Trog.
  1480 | D:2      | Reached ** piety under Trog
  1702 | D:2      | Gained mutation: Your flesh is heat resistant. (rF+) [potion of beneficial mutation]
  1703 | D:2      | Gained mutation: You have a pair of small horns on your head. [potion of beneficial mutation]
  2040 | D:2      | Reached XP level 4. HP: 35/38 MP: 4/4
  2513 | D:3      | Reached XP level 5. HP: 29/45 MP: 5/5
  2762 | D:3      | Noticed Robin
  2796 | D:3      | Killed Robin
  3242 | D:4      | Found a staircase to the Ecumenical Temple.
  3253 | Temple   | Entered the Ecumenical Temple
  3531 | D:4      | Reached *** piety under Trog
  3634 | D:4      | Reached XP level 6. HP: 39/51 MP: 6/6
  4140 | D:4      | Got an ichor-stained mace
  4141 | D:4      | Identified the cursed +2 mace of Infinite Pain {elec, rF+} (You found it on level 4 of the Dungeon)
  4165 | D:4      | Gained mutation: You are robust. (+10% HP) [potion of mutation]
  4165 | D:4      | Gained mutation: You expend magic power (3 MP) to strengthen your wands. [potion of mutation]
  4165 | D:4      | Gained mutation: You possess an exceptional clarity of mind. [potion of mutation]
  4293 | D:4      | Reached skill level 5 in Long Blades
  4374 | D:4      | Found Ryorr's Serpentskin Sales.
  4374 | D:4      | Noticed a water moccasin
  4375 | D:4      | Noticed a water moccasin
  4380 | D:4      | Killed a water moccasin
  4380 | D:4      | Reached skill level 5 in Dodging
  4380 | D:4      | Your scales start taking on a fiery red colour.
  4380 | D:4      | Reached XP level 7. HP: 62/62 MP: 7/7
  4380 | D:4      | Gained mutation: Your flesh is very heat resistant. (rF++) [Red Draconian growth]
  4802 | D:5      | Entered Level 5 of the Dungeon
  4827 | D:5      | Noticed KristoblXynda's ghost (novice DrBe)
  4939 | D:5      | Killed from afar by KristoblXynda's ghost

Vault maps used:
D:1:      dpeg_arrival_signposts, grunt_decor_fettered, minmay_misc_feat_chi
D:2:      kennysheep_pointless_box, trog_book
D:3:      uniq_robin
D:4:      first_bread, guppyfry_shop_venom
D:5:      lemuel_ratsnest
Temple:   nicolae_temple_the_god_donut

Skill      XL: |  1  2  3  4  5  6  7 |
---------------+----------------------+-----
Dodging        | 3 4 5 |  5.4
Stealth        | 1 2 3 4 |  4.5
Long Blades    | 4 5 |  5.8
Fighting       | |  3.2

Action                   |  1- 3 |  4- 6 |  7- 9 || total
-------------------------+-------+-------+-------++-------
Melee: Falchion          |    75 |    90 |       ||   165
       Tailslap          |    14 |     6 |     9 ||    29
       Spear             |    20 |    18 |       ||    38
       Headbutt          |     1 |    27 |     3 ||    31
       Mace              |       |    14 |    48 ||    62
Invok: Berserk           |       |     3 |     1 ||     4
       Trog's Hand       |       |       |     1 ||     1
 Abil: Breathe Fire      |       |       |     2 ||     2
  Use: Scroll            |    13 |     5 |       ||    18
       Potion            |     2 |     1 |       ||     3
 Stab: Sleeping          |       |     7 |     2 ||     9
  Eat: Chunk             |     3 |     4 |     2 ||     9
       Beef jerky        |       |     1 |       ||     1
       Bread ration      |       |     1 |       ||     1
       Royal jelly       |       |       |     1 ||     1
Armor: Skin              |    26 |    42 |    14 ||    82
Dodge: Dodged            |    56 |   106 |    39 ||   201
       Rpst.: Falchion   |    16 |    25 |       ||    41
